AoeStats
← cairat21

Arena

504739675Analyzed
4v4 RM · 26d ago on Sep 6, 2026· 54m 45s· 8 players
Game mode
Random Map
Map size
Large (8 player)
Population
200
Speed
Normal
Resources
Standard
Victory
Conquest
Starting age
Dark Age
Ending age
Imperial Age
RankedLock teamsTeams togetherTeam positionsShared explorationLock speedFull tech treeHidden civsTurbo modeCheats
Victory
Defeat
🇦🇩 Mongols · Andorra
685
+13
🇺🇸 Romans · United States
609
+16
🇭🇰 Britons · Hong Kong SAR China
594
+17
🇫🇷 Persians · France
543
+19
🇨🇳 Teutons · China
721
-21
🇭🇰 Jurchens · Hong Kong SAR China
711
-20
🇺🇸 Celts · United States
498
-12
🇧🇷 Khmer · Brazil
498
-12
Goldenthums2
2:09 Loom
10:46 Feudal Age
19:14 Castle Age
20:58 Man-at-Arms
21:39 Squires
22:39 Double-Bit Axe
22:39 Horse Collar
24:21 Long Swordsman
34:41 Wheelbarrow
34:51 Pikeman
36:37 Ballistas
40:38 Hand Cart
46:40 Ballistics
50:00 Imperial Age
55:15 Fletching
alexisben78
0:30 Loom
11:04 Feudal Age
11:41 Double-Bit Axe
21:42 Castle Age
19:34 Man-at-Arms
20:13 Fletching
20:49 Stone Mining
20:53 Gold Mining
21:38 Horse Collar
22:51 Bow Saw
23:30 Long Swordsman
23:34 Pikeman
24:02 Gambesons
24:10 Light Cavalry
28:13 Crossbowman
29:46 Arson
31:06 Thumb Ring
31:17 Bloodlines
33:36 Kamandaran
36:43 Imperial Age
35:37 Squires
35:51 Heated Shot
36:22 Murder Holes
37:13 Caravan
38:26 Gold Shaft Mining
38:53 Elite War Elephant
41:13 Chemistry
40:03 Capped Ram
41:41 Bodkin Arrow
42:58 Citadels
43:11 Forging
43:09 Scale Barding Armor
42:34 Cavalier
43:17 Husbandry
44:17 Heavy Plow
44:58 Wheelbarrow
45:14 Ballistics
46:48 Two-Man Saw
Queen
0:36 Loom
10:31 Feudal Age
12:29 Wheelbarrow
11:44 Double-Bit Axe
11:43 Horse Collar
14:19 Gold Mining
14:20 Stone Mining
23:52 Castle Age
25:25 Hand Cart
25:57 Husbandry
25:18 Light Cavalry
55:15 Padded Archer Armor
55:06 Fletching
55:26 Forging
55:17 Scale Mail Armor
55:23 Scale Barding Armor
54:43 Pikeman
55:23 Squires
cairat21
13:03 Feudal Age
14:28 Wheelbarrow
13:44 Double-Bit Axe
13:42 Horse Collar
14:00 Man-at-Arms
14:37 Loom
22:29 Castle Age
21:53 Fletching
22:15 Gold Mining
22:18 Stone Mining
22:39 Padded Archer Armor
23:04 Crossbowman
25:18 Thumb Ring
27:07 Fervor
27:57 Bow Saw
29:57 Gold Shaft Mining
30:42 Long Swordsman
33:07 Ballistics
32:43 Murder Holes
33:11 Heavy Plow
34:48 Hand Cart
34:35 Town Watch
34:59 Elite Skirmisher
35:59 Leather Archer Armor
35:40 Bodkin Arrow
36:38 Fortified Wall
37:11 Nomads
42:01 Imperial Age
42:06 Capped Ram
42:14 Arbalester
42:58 Bracer
43:24 Conscription
43:25 Drill
43:46 Onager
44:47 Herbal Medicine
45:27 Scale Barding Armor
45:34 Forging
45:43 Husbandry
45:54 Bloodlines
46:58 Siege Ram
48:31 Stone Shaft Mining
49:55 Chemistry
50:06 Chain Barding Armor
50:22 Iron Casting
50:17 Elite Steppe Lancer
ironside323437
0:26 Loom
12:34 Feudal Age
13:54 Wheelbarrow
15:25 Horse Collar
15:51 Double-Bit Axe
16:59 Town Watch
23:20 Stone Mining
25:52 Castle Age
23:53 Gold Mining
25:24 Forging
25:15 Scale Mail Armor
28:36 Hand Cart
28:23 Town Patrol
28:41 Bow Saw
29:56 Gold Shaft Mining
29:40 Treadmill Crane
30:12 Fortified Wall
31:23 Stone Shaft Mining
31:50 Masonry
31:37 Murder Holes
33:27 Heavy Plow
34:15 Guard Tower
39:11 Imperial Age
40:10 Guilds
40:09 Siege Engineers
42:02 Onager
46:27 Furor Celtica
46:56 Conscription
48:52 Stronghold
49:39 Hoardings
52:21 Siege Onager
52:45 Elite Woad Raider
53:41 Arson
marcoo_chiosi
9:50 Feudal Age
8:06 Loom
11:54 Double-Bit Axe
11:57 Town Watch
12:30 Horse Collar
15:07 Wheelbarrow
24:26 Castle Age
23:10 Gold Mining
23:11 Stone Mining
25:26 Hand Cart
25:12 Town Patrol
26:05 Heavy Plow
26:43 Bow Saw
30:10 Light Cavalry
33:49 Bloodlines
33:40 Husbandry
33:25 Elite Skirmisher
34:05 Crossbowman
35:01 Scale Barding Armor
34:56 Scale Mail Armor
37:15 Chain Barding Armor
36:56 Scale Mail Armor
36:56 Padded Archer Armor
36:47 Fletching
42:04 Gold Shaft Mining
42:09 Stone Shaft Mining
42:38 Fortified Wall
47:24 Imperial Age
connienbb
0:51 Loom
12:13 Feudal Age
12:50 Double-Bit Axe
13:10 Gold Mining
16:49 Stone Mining
18:03 Horse Collar
25:44 Castle Age
25:37 Bloodlines
26:34 Husbandry
27:26 Fletching
27:54 Forging
27:50 Scale Barding Armor
28:33 Bow Saw
30:06 Caravan
36:50 Treadmill Crane
37:07 Murder Holes
37:52 Fortified Wall
38:07 Ballistics
37:15 Light Cavalry
38:25 Town Watch
39:17 Wheelbarrow
40:38 Fortified Bastions
44:28 Imperial Age
42:10 Siege Engineers
42:17 Masonry
42:41 Bodkin Arrow
43:22 Iron Casting
44:29 Guard Tower
45:02 Chain Barding Armor
44:46 Padded Archer Armor
45:17 Heavy Rocket Cart
47:07 Chemistry
46:39 Architecture
47:22 Bracer
48:23 Blast Furnace
48:00 Plate Barding Armor
47:40 Leather Archer Armor
47:32 Hussar
48:40 Conscription
49:04 Hoardings
顺风打工人
Connection lost

Rejoining the realm…

Still unreachable

The connection could not be restored.

Session expired

The server has moved on; the page needs a fresh start.